 Dungeon Crawl Stone Soup version 0.26-a0-720-g2a1d101370 (webtiles) character file.

Game seed: 14823407738090366191

2567 somkeydreadnuts the Geomancer (level 9, 0/52 HPs)
             Began as a Gargoyle Earth Elementalist on Nov 2, 2020.
             Was a Follower of Vehumet.
             Slain by an orc warrior
             ... wielding a +0 short sword
              (5 damage)
             ... on level 7 of the Dungeon.
             The game lasted 00:38:22 (8218 turns).

somkeydreadnuts the Geomancer (GrEE)                Turns: 8218, Time: 00:38:23

Health: 0/52       AC: 17    Str: 10 (12) XL:     9   Next: 57%
Magic:  1/21       EV: 12    Int: 16 (19) God:    Vehumet [*.....]
Gold:   445        SH:  0    Dex:  8 (10) Spells: 14/24 levels left

rFire    x . .     SeeInvis .   n - +1 mace (protect)
rCold    + . .     Faith    .   (no shield)
rNeg     + . .     Spirit   .   c - +0 robe
rPois    ∞         Reflect  .   B - +0 helmet
rElec    +         Harm     .   (no cloak)
rCorr    .         Rampage  .   (no gloves)
MR       +....                  D - +0 pair of boots
Stlth    ++........             (no amulet)
HPRegen  0.17/turn              a - ring of protection from magic
MPRegen  0.17/turn              F - ring of ice

@: protection aura
A: negative energy resistance 1, electricity resistance, unbreathing,
petrification resistance, rot immunity, AC +6
a: Renounce Religion


You were on level 7 of the Dungeon.
You worshipped Vehumet.
Vehumet was aware of your devotion.
You visited 2 branches of the dungeon, and saw 9 of its levels.

You collected 478 gold pieces.
You spent 33 gold pieces at shops.

Inventory:

Hand Weapons
 n - a +1 mace of protection (weapon)
Missiles
 b - 136 stones (quivered)
Armour
 c - a +0 robe (worn)
 i - a +0 leather armour
 l - a +0 buckler
 B - a +0 helmet (worn)
 D - a +0 pair of boots (worn)
Jewellery
 a - a ring of protection from magic (left hand)
 r - an uncursed ring of protection from cold
 F - a ring of ice (right hand)
Wands
 o - a wand of flame (9)
 u - a wand of paralysis (8)
Scrolls
 d - 3 scrolls of enchant weapon {unknown}
 e - 3 scrolls of identify
 f - 10 scrolls of remove curse
 g - 4 scrolls of fog {unknown}
 h - 2 scrolls of enchant armour {unknown}
 p - 2 scrolls of amnesia {unknown}
 q - 2 scrolls of teleportation
 w - a scroll of fear {unknown}
 x - 2 scrolls of immolation {unknown}
 y - a scroll of holy word {unknown}
 C - a scroll of brand weapon {unknown}
Potions
 k - 3 potions of curing
 m - 2 potions of flight


   Skills:
 + Level 4.0 Fighting
   Level 0.1 Short Blades
 - Level 0.7 Maces & Flails
 - Level 0.8 Throwing
 - Level 1.0 Armour
 - Level 1.5 Dodging
 - Level 2.2 Stealth
 - Level 1.1 Shields
 - Level 8.1 Spellcasting
 - Level 1.2 Transmutations
 - Level 10.1 Earth Magic
 - Level 0.2 Evocations


You had 14 spell levels left.
You knew the following spells:

 Your Spells              Type           Power        Failure   Level
a - Sandblast             Erth           #####.       1%          1
b - Petrify               Tmut/Erth      ###.....     11%         4
c - Lee's Rapid Deconstr  Erth           #####.....   4%          5

Your spell library contained the following spells:

 Spells                   Type           Power        Failure   Level
 Magic Dart               Conj           #...         11%         1
 Passwall                 Tmut/Erth      ###.....     1%          2
 Stone Arrow              Conj/Erth      ###...       4%          3
 Animate Skeleton         Necr           #.....       11%         1
 Apportation              Tloc           #.....       11%         1
 Corona                   Hex            #......      11%         1
 Summon Small Mammal      Summ           #...         11%         1


Dungeon Overview and Level Annotations

Branches:
Dungeon (8/15)             Temple (1/1) D:6
   Lair: D:8-11

Altars:
Ashenzari
Cheibriados
Elyvilon
Fedhas
Kikubaaqudgha
Nemelex Xobeh
Okawaru
Qazlal
Ru
Trog
Vehumet
Wu Jian
Xom
Yredelemnul
The Shining One

Shops:
D:6 !   D:7 =[[=

Annotations:
D:4 3 runed translucent doors, Maimakterion's ghost, amateur HuWn; Zenkrye's ghost, amateur KoBr; om's ghost, novice DDFi


Innate Abilities, Weirdness & Mutations

You are resistant to torment.
Your stone body is resilient. (AC +6)
You are immune to poison.
You resist negative energy. (rN+)
You are resistant to electric shocks. (rElec)
You can survive without breathing.
You are immune to petrification.
You are immune to rotting.


Message History

Confirm with . or Enter, or press ? or * to list all spells.
Aiming: Sandblast (safe; 1% risk of failure)
Press: ? - help, Shift-Dir - straight line, f/p - orc warrior
Aim: an orc warrior, wielding a +0 short sword and wearing a +0 plate armour (severely wounded)
The blast of sand misses the orc warrior.
b - 136 stones The orc warrior completely misses you.
You barely miss the orc warrior.
The orc warrior is severely wounded.
The orc warrior hits you with a +0 short sword!
* * * LOW HITPOINT WARNING * * *
You hit the orc warrior but do no damage.
The orc warrior is severely wounded.
The orc warrior hits you but does no damage.
The orc warrior hits you with a +0 short sword.
* * * LOW HITPOINT WARNING * * *
You hit the orc warrior.
The orc warrior is almost dead.
The orc warrior hits you with a +0 short sword.
You die...

#.# #.........#
#.#######.........#
#.................#
#..##########..####
#..###### #..#
#.......# #..#
#.#####.# ##..# #.#
#o####...## #.#
#@........## #.#
#.##.#..##.#
#.#####.###..##.##
#.......# ##.#.##
#....#### #..##
##.### #.##
#.#########.#########
#....†..............#
###########.#######.#


You could see an orc warrior.

Vanquished Creatures
  Sigmund (D:6)
  A hornet zombie (D:6)
  A sky beast (D:6)
  2 orc warriors
  2 black bears (D:7)
  2 ogres (D:4)
  2 centaurs
  2 bullfrogs (D:6)
  A gnoll sergeant (D:6)
  2 scorpions
  5 wights (D:8)
  2 bullfrog skeletons
  7 orc wizards
  5 orc priests
  2 centaur skeletons
  4 iguanas
  7 worker ants
  A hound skeleton (D:6)
  A worker ant zombie (D:5)
  4 gnolls (D:6)
  7 adders
  2 shadow imps
  2 white imps
  An ufetubus (D:6)
  2 oozes
  2 worms
  3 dart slugs
  3 leopard geckos
  24 orcs
  3 giant cockroaches
  10 goblins
  7 hobgoblins
  6 jackals (D:3)
  10 kobolds
  A quokka (D:7)
  2 ball pythons
  7 bats
  9 frilled lizards
  A jackal skeleton (D:7)
  11 rats
167 creatures vanquished.

Vanquished Creatures (others)
  6 plants (D:4)
  4 withered plants (D:4)
10 creatures vanquished.

Grand Total: 177 creatures vanquished

Notes
Turn   | Place    | Note
-------+----------+-------------------------------------------
     0 | D:1      | somkeydreadnuts the Gargoyle Earth Elementalist began the
                  | quest for the Orb.
     0 | D:1      | Reached XP level 1. HP: 10/10 MP: 3/3
   198 | D:1      | Reached skill level 4 in Earth Magic
   314 | D:1      | Reached XP level 2. HP: 15/15 MP: 3/5
   621 | D:1      | Reached XP level 3. HP: 19/19 MP: 6/6
  1105 | D:2      | Reached skill level 5 in Earth Magic
  1571 | D:2      | Found a bloodstained altar of Trog.
  1654 | D:2      | Reached XP level 4. HP: 24/24 MP: 7/7
  1996 | D:3      | Reached skill level 6 in Earth Magic
  2209 | D:3      | Reached XP level 5. HP: 23/28 MP: 4/8
  2619 | D:3      | Reached skill level 7 in Earth Magic
  3142 | D:3      | Found a sacrificial altar of Ru.
  3265 | D:4      | Reached XP level 6. HP: 32/32 MP: 4/9
  3335 | D:4      | Reached skill level 8 in Earth Magic
  3683 | D:4      | Reached skill level 9 in Earth Magic
  3683 | D:4      | Reached XP level 7. HP: 36/36 MP: 7/10
  3878 | D:4      | Found a runed translucent gate.
  3879 | D:4      | Found a runed translucent gate.
  3879 | D:4      | Found a runed translucent gate.
  3901 | D:4      | Noticed Maimakterion's ghost (amateur HuWn)
  3901 | D:4      | Noticed Zenkrye's ghost (amateur KoBr)
  3901 | D:4      | Noticed om's ghost (novice DDFi)
  4119 | D:4      | Reached skill level 10 in Earth Magic
  4125 | D:4      | Learned a level 4 spell: Petrify
  4131 | D:4      | Learned a level 5 spell: Lee's Rapid Deconstruction
  4430 | D:5      | Entered Level 5 of the Dungeon
  4761 | D:5      | Reached XP level 8. HP: 34/41 MP: 10/13
  4848 | D:5      | Found a snail-covered altar of Cheibriados.
  5194 | D:6      | Found an ornate altar of the Wu Jian Council.
  5254 | D:6      | Reached skill level 5 in Spellcasting
  5272 | D:6      | Found a staircase to the Ecumenical Temple.
  5283 | Temple   | Entered the Ecumenical Temple
  5426 | Temple   | Became a worshipper of Vehumet
  5469 | D:6      | Found a white marble altar of Elyvilon.
  5482 | D:6      | Noticed Sigmund
  5513 | D:6      | Killed Sigmund
  6375 | D:6      | Found Hoschecebb's Distillery.
  6403 | D:6      | Bought a potion of curing for 33 gold pieces
  6604 | D:6      | Reached XP level 9. HP: 23/45 MP: 0/19
  6791 | D:7      | Found Fustrat's Antique Armour Shop.
  6810 | D:7      | Found Zackeim's Jewellery Shop.
  6831 | D:7      | Found Ynoasob's Antique Armour Shop.
  6834 | D:7      | Found Suily's Jewellery Shop.
  7346 | D:7      | Reached skill level 1 in Fighting
  7409 | D:7      | Reached * piety under Vehumet
  7409 | D:7      | Offered knowledge of Magic Dart by Vehumet.
  8008 | D:8      | Reached skill level 1 in Transmutations
  8171 | D:8      | Reached skill level 1 in Shields
  8171 | D:8      | Reached skill level 1 in Armour
  8218 | D:7      | Slain by an orc warrior

Illustrated notes

Levels and vault maps discovered:
D:1:      lightli_arrival_isolated_outpost, layout_basic, minmay_tromino_v4_c
D:2:      layout_loops_cross, lemuel_doored_altar,
          minmay_misc_feat_four_crosses, fountainhead
D:3:      layout_loops_cross, nicolae_ru_path_of_blood
D:4:      layout_loops_ring, serial_forest, infiniplex_forest_straight_2,
          infiniplex_forest_lined_ring, infiniplex_forest_clump_medium,
          infiniplex_forest_clump_small, infiniplex_forest_end_1,
          infiniplex_forest_clump_small, infiniplex_forest_zigzag_1,
          infiniplex_forest_lined_room_2, infiniplex_forest_end_3,
          gammafunk_ghost_cemetery
D:5:      layout_cave_pools, lemuel_crystal_altar, serial_bayou_pond_d
D:6:      layout_basic, elyvilon_altar_5, old_standard_altar,
          minmay_temple_entry_overgrown, serial_shops, nicolae_shop_statue_plus,
          chequers_serial_rivers_micro_c, uniq_sigmund
D:7:      layout_loops_ring, minmay_shop_grid_forest, st_stairs_10
D:8:      layout_rooms, nicolae_gozag_cash_rules_everything_around_me,
          zin_angel, gammafunk_temple_overflow_wave, minmay_curled_crystal
Temple:   minmay_temple_curvy_loop

Skill      XL: |  1  2  3  4  5  6  7  8  9 |
---------------+----------------------------+-----
Earth Magic    | 4 5 6 7 9 10 | 10.1
Spellcasting   | 3 7 8 |  8.1
Fighting       | 4 |  4.0
Transmutations | 1 |  1.2
Shields        | 1 |  1.1
Armour         | 1 |  1.0
Short Blades   | |  0.1
Maces & Flails | |  0.7
Throwing       | |  0.8
Dodging        | |  1.5
Stealth        | |  2.2
Evocations     | |  0.2

Action                   |  1- 3 |  4- 6 |  7- 9 || total
-------------------------+-------+-------+-------++-------
Melee: Dagger            |    47 |    62 |       ||   109
       Unarmed           |     1 |       |       ||     1
       Mace              |       |   104 |   101 ||   205
 Cast: Sandblast         |    30 |    51 |    97 ||   178
       Lee's Rapid Decon |       |       |    14 ||    14
Evoke: Wand              |       |       |     3 ||     3
  Use: Scroll            |     3 |     2 |       ||     5
       Potion            |       |     1 |     6 ||     7
 Stab: Sleeping          |     1 |     1 |     1 ||     3
Armor: Robe              |    16 |    68 |    56 ||   140
Dodge: Dodged            |    26 |   124 |    67 ||   217

Table legend: (Time is in decaauts)
 A = Elapsed time spent in this place.
 B = Non-inter-level travel time spent in this place.
 C = Inter-level travel time spent in this place.
 D = Time resting spent in this place.
 E = Time spent auto-exploring this place.
 F = Levels seen in this place.
 G = Mean time per level.
                   A        B        C        D        E       F      G
               +--------+--------+--------+--------+--------+-----+--------+
         Total |   8278 |   8248 |     30 |      0 |   5974 |   9 |  919.8 |
       Dungeon |   8110 |   8080 |     30 |      0 |   5836 |   8 | 1013.8 |
        Temple |    168 |    168 |      0 |      0 |    137 |   1 |  168.0 |
               +--------+--------+--------+--------+--------+-----+--------+

Top non-repeatable levels by time:
     D:6: 1522 daAuts
     D:3: 1322 daAuts
     D:7: 1265 daAuts
     D:4: 1197 daAuts
     D:1: 1096 daAuts
     D:2: 858 daAuts
     D:5: 627 daAuts
     D:8: 219 daAuts
  Temple: 168 daAuts
